AoeStats
← SaMgAmEpLaY

Scandinavia

510650741Analyzed
1v1 RM · 17h ago on Oct 2, 2026· 28m 59s· 2 players
Game mode
Random Map
Map size
Tiny (2 player)
Population
200
Speed
Normal
Resources
Standard
Victory
Conquest
Starting age
Dark Age
Ending age
Imperial Age
RankedLock teamsTeams togetherTeam positionsShared explorationLock speedFull tech treeHidden civsTurbo modeCheats
Victory
Defeat
🇲🇽 Bohemians · Mexico
761
+18
🇪🇸 Spanish · Spain
812
-48
SaMgAmEpLaY
11:15 Feudal Age
11:51 Double-Bit Axe
16:27 Loom
19:54 Castle Age
18:58 Horse Collar
20:18 Wheelbarrow
19:30 Town Watch
22:57 Bow Saw
24:28 Fletching
24:39 Padded Archer Armor
24:40 Scale Mail Armor
24:40 Elite Skirmisher
25:52 Crossbowman
26:06 Pikeman
alvaro_j_94
11:38 Feudal Age
13:04 Wheelbarrow
12:11 Horse Collar
12:18 Double-Bit Axe
23:09 Castle Age
21:12 Fletching
21:32 Forging
21:28 Scale Barding Armor
21:24 Scale Mail Armor
22:07 Man-at-Arms
23:02 Bloodlines
23:00 Padded Archer Armor
23:50 Stone Mining
23:50 Gold Mining
24:19 Hand Cart
Connection lost

Rejoining the realm…

Still unreachable

The connection could not be restored.

Session expired

The server has moved on; the page needs a fresh start.